 Dungeon Crawl Stone Soup version 0.30-a0-996-ga6910c8ee8 (webtiles) character file.

Game seed: 2067301390941680929

25 Jackthecabe the Sneak (level 3, 0/18 HPs)
             Began as a Vine Stalker Brigand on Apr 4, 2023.
             Succumbed to an adder's poison
             ... on level 2 of the Dungeon.
             The game lasted 00:02:03 (685 turns).

Jackthecabe the Sneak (Vine Stalker Brigand)         Turns: 685, Time: 00:02:03

Health: 0/18       AC:  4    Str: 13    XL:     3   Next: 6%
Magic:  3/4        EV: 11    Int: 11    God:
Gold:   56         SH:  0    Dex: 17    Spells: 2/2 levels left

rFire   . . .      SeeInvis .    a - +3 dagger
rCold   . . .      Faith    .    (no shield)
rNeg    . . .      Spirit   +    k - +0 leather armour
rPois   .          Reflect  .    (no helmet)
rElec   .          Rampage  .    c - +0 cloak
rCorr   .                        (no gloves)
Will    +....                    (no boots)
Stlth   +++                      (no amulet)
HPRegen 0.23/turn                (no ring)
MPRegen 0.09/turn                (no ring)

@: brilliant, lethally poisoned (0 -> -2)
A: fangs 2, magic shield, antimagic bite, no potion heal 2, strong-willed 1,
wild magic 1
a: no special abilities


You were on level 2 of the Dungeon.
You visited 1 branch of the dungeon, and saw 2 of its levels.

You collected 56 gold pieces.


Innate Abilities, Weirdness & Mutations

You have extremely sharp teeth.
When hurt, damage is shared between your health and your magic reserves.
Your bite disrupts and absorbs the magic of your enemies.
Potions cannot restore your health.
You are strong-willed. (Will+)
Your spells are a little harder to cast, but a little more powerful.


   Skills:
 - Level 1.7 Fighting
 + Level 3.1 Short Blades
 - Level 1.7 Throwing
 - Level 0.7 Dodging
 - Level 4.8 Stealth


You had 2 spell levels left.
You didn't know any spells.
Your spell library was empty.

Inventory:

Hand Weapons
 a - a +3 dagger (weapon)
Missiles
 d - 9 poisoned darts (quivered)
 e - 3 curare-tipped darts {=f}
Armour
 b - a +0 robe
 c - a +0 cloak (worn)
 k - a +0 leather armour (worn)

Dungeon Overview and Level Annotations

Branches:
Dungeon (2/15)

Altars:

***#########..##.#
,,,,........<..#.#
**#########....#.#
#.....#......#.#
#.###..†.....#.#
#.########...#.# *
#............#.#
**##########.#[#.#
,,,,,,,* #...#@#
,,,,,,,****#####S#
,,,,,,,+,,,,,,,#.#
,,,,,,,*******,#.#
,,,,,,,,,.......>#
,,,,,,,,*##....###
,,,,,,,,**##.##*
**,,,,,,,,*#,*
**,,,,,,,,**,*


You could see an adder (inner flame).


Message History

The adder poisons you!
Okay, then.
It was a potion of mutation.
You feel extremely strange.
You feel strong-willed.
You feel less in control of your magic.
* * * LOW HITPOINT WARNING * * *
You feel sick. The adder closely misses you.
The adder bites you but does no damage.
It was a potion of heal wounds.
That seemed strangely inert.
* * * LOW HITPOINT WARNING * * *
You feel sick. The adder barely misses you.
It was a potion of brilliance.
You feel clever all of a sudden.
* * * LOW HITPOINT WARNING * * *
You feel sick. The adder barely misses you.
Okay, then.
Okay, then.
As you read the scroll labelled IDEGRA AMUAHOR, it crumbles to dust.
The creatures around you are filled with an inner flame!
It was a scroll of immolation.
* * * LOW HITPOINT WARNING * * *
You feel sick. The adder bites you but does no damage.
The adder closely misses you.
As you read the scroll labelled KUUKKI EHO, it crumbles to dust.
It is a scroll of enchant weapon.
Your +2 dagger glows red for a moment.
* * * LOW HITPOINT WARNING * * *
You feel sick. The adder bites you.
As you read the scroll labelled KALUNUOVATS, it crumbles to dust.
You feel aware of your surroundings.
It was a scroll of magic mapping.
You die...

Skill      XL: |  1  2 |
---------------+-------+-----
Short Blades   | 2 3 |  3.1
Fighting       | |  1.7
Throwing       | |  1.7
Dodging        | |  0.7
Stealth        | |  4.8

Action                     || total
---------------------------++-------
  Melee: Dagger            ||    68
         Bite              ||    11
  Throw: Dart              ||     1
    Use: Scroll            ||     3
         Potion            ||     3
   Stab: Sleeping          ||     6
 Armour: Robe              ||    15
         Leather armour    ||     9
  Dodge: Dodged            ||    37

Levels and vault maps discovered:
D:1:      reono_arrival_mine, layout_basic, nrook_mini_backslash,
          chequers_jeans, minivault_25
D:2:      layout_basic, serial_park_tiny_2

Notes
Turn   | Place    | Note
-------+----------+-------------------------------------------
     0 | D:1      | Jackthecabe the Vine Stalker Brigand began the quest for
                  | the Orb.
     0 | D:1      | Reached XP level 1. HP: 11/11 MP: 2/2
    27 | D:1      | Reached skill level 2 in Short Blades
   159 | D:1      | Reached XP level 2. HP: 12/15 MP: 3/3
   475 | D:1      | Reached skill level 3 in Short Blades
   621 | D:2      | Reached XP level 3. HP: 18/18 MP: 4/4
   680 | D:2      | Gained mutation: You are strong-willed. (Will+) [potion of
                  | mutation]
   680 | D:2      | Gained mutation: Your spells are a little harder to cast,
                  | but a little more powerful. [potion of mutation]
   684 | D:2      | HP: 1/18 [poisoned by an adder]
   685 | D:2      | Succumbed to an adder's poison

Vanquished Creatures
  2 ball pythons (D:1)
  An endoplasm (D:1)
  A giant cockroach (D:1)
  5 hobgoblins
  4 kobolds (D:1)
  3 quokkas
  2 bats (D:1)
  2 frilled lizards (D:1)
  2 goblins (D:1)
  A rat (D:1)
23 creatures vanquished.

Table legend: (Time is in decaauts)
 A = Elapsed time spent in this place.
 B = Non-inter-level travel time spent in this place.
 C = Inter-level travel time spent in this place.
 D = Time resting spent in this place.
 E = Time spent auto-exploring this place.
 F = Levels seen in this place.
 G = Mean time per level.
                   A        B        C        D        E       F      G
               +--------+--------+--------+--------+--------+-----+--------+
         Total |    676 |    629 |     47 |      0 |    436 |   2 |  338.0 |
       Dungeon |    676 |    629 |     47 |      0 |    436 |   2 |  338.0 |
               +--------+--------+--------+--------+--------+-----+--------+

Top non-repeatable levels by time:
     D:1: 604 daAuts
     D:2: 71 daAuts

Table legend:
 A = Non-vault XP
 B = Vault XP
 C = Vault XP percentage of total XP
 D = Non-vault monster count
 E = Vault monster count
 F = Vault count percentage of total count
                 A         B        C        D         E       F
            +---------+---------+-------+---------+---------+-------
      Total |      37 |       0 |   0.0 |      23 |       0 |   0.0
            +---------+---------+-------+---------+---------+-------
        D:1 |      33 |       0 |   0.0 |      21 |       0 |   0.0
        D:2 |       4 |       0 |   0.0 |       2 |       0 |   0.0
            +---------+---------+-------+---------+---------+-------
